Description

cure reaper opening tvt

Replay - Incorporeal LE (185)

Build Order

Get SALT Encoding   

  6  0:00  SCV  
  13  0:12  SCV  
  14  0:16  Supply Depot  
  14  0:24  SCV  
  15  0:38  SCV  
  15  0:39  Barracks  
  16  0:43  Refinery  
  16  0:50  SCV  
  17  1:02  SCV  
  18  1:07  Barracks  
  18  1:12  Refinery  
  18  1:14  SCV  
  19  1:26  Reaper  
  19  1:29  Orbital Command  
  20  1:38  Supply Depot  
  20  1:54  SCV  
  20  1:55  Reaper x2  
  23  2:06  SCV  
  24  2:09  Factory  
  24  2:18  SCV  
  25  2:24  Supply Depot  
  25  2:27  Reaper x2  
  29  2:53  Command Center  
  29  2:59  Reaper x2  
  29  3:05  Hellion  
  34  3:18  Starport  
  35  3:26  Supply Depot, Factory Tech Lab  
  35  3:32  Barracks Reactor  
  36  3:35  Barracks Tech Lab  
  36  3:48  Cyclone  
  40  3:54  Marine  
  40  3:55  Starport Reactor  
  42  4:07  Orbital Command  
  42  4:08  Refinery  
  43  4:11  Marine x3  
  43  4:12  Stimpack  
  47  4:31  Siege Tank  
  47  4:33  Marine x3  
  55  4:41  Supply Depot  
  55  4:46  Medivac  
  55  4:51  Marine x3  
  62  5:06  Siege Tank  
  70  5:22  Engineering Bay  
  70  5:25  Medivac  
  77  5:39  Siege Tank  
  82  5:48  Terran Infantry Weapons Level 1  
  85  5:55  Combat Shield  
  86  6:05  Command Center  
  86  6:18  Barracks  
  86  6:23  Siege Tank, Medivac  
  94  6:36  Refinery  
  97  6:42  Medivac  
  104  6:55  Barracks x2  
  104  6:59  Armory  
  106  7:08  Siege Tank  
  110  7:12  Engineering Bay, Barracks Reactor  
  112  7:16  Medivac  
  119  7:34  Factory  
  119  7:37  Concussive Shells  
  119  7:40  Orbital Command  
  119  7:42  Barracks Reactor x2  
  126  7:55  Siege Tank  
  133  8:18  Factory Tech Lab  
  139  8:28  Command Center  
Spawning Tool Build Advisor. Get it on Overwolf

Go to:

Details

  • Created by: lucahecker
  • Published on: Jul 26, 2025
  • Modified on: Jul 26, 2025
  • Patch: 5.0.11
  • Difficulty: Hard
Show
View Real Time Build Order
Export as new Build Order

Comments (0)

There are no comments. Be the first!

Create an account to comment!